 Dungeon Crawl Stone Soup version 0.30-a0-748-ge6a52f7cba (webtiles) character file.

Game seed: 13322486111247866360

2 Newt the Shooter (level 1, -1/13 HPs)
             Began as a Kobold Hunter on Feb 8, 2023.
             Slain by a quokka (3 damage)
             ... on level 1 of the Dungeon.
             The game lasted 00:00:06 (41 turns).

Newt the Shooter (Kobold Hunter)                      Turns: 41, Time: 00:00:06

Health: -1/13      AC:  3    Str:  8    XL:     1   Next: 33%
Magic:  1/1        EV: 14    Int: 10    God:
Gold:   9          SH:  0    Dex: 18    Spells: 0/0 levels left

rFire   . . .      SeeInvis .    a - +0 shortbow
rCold   . . .      Faith    .    (shield currently unavailable)
rNeg    . . .      Spirit   .    c - +0 leather armour
rPois   .          Reflect  .    (no helmet)
rElec   .          Harm     .    (no cloak)
rCorr   .          Rampage  .    (no gloves)
Will    .....                    (no boots)
Stlth   +++                      (no amulet)
HPRegen 0.22/turn                (no ring)
MPRegen 0.07/turn                (no ring)

@: no status effects
A: small, no large weapons, nightstalker 3
a: no special abilities


You were on level 1 of the Dungeon.
You visited 1 branch of the dungeon, and saw 1 of its levels.

You collected 9 gold pieces.

Inventory:

Hand Weapons
 a - a +0 shortbow (weapon)
Armour
 c - a +0 leather armour (worn)
Scrolls
 b - a scroll of immolation


   Skills:
 + Level 2.4 Fighting
 - Level 5.3 Ranged Weapons
 - Level 2.4 Dodging
 - Level 1.3 Stealth


You couldn't memorise any spells.
You didn't know any spells.
Your spell library was empty.

Dungeon Overview and Level Annotations

Branches:
Dungeon (1/15)

Altars:


Innate Abilities, Weirdness & Mutations

You are small and have problems with some larger weapons.
You are completely attuned to the shadows.


Message History

No target in view!
No target in view!
No target in view!
A quokka comes into view.
A quokka is nearby!
You shoot an arrow. The arrow hits the quokka.
The quokka is almost dead.
You shoot an arrow. The arrow barely misses the quokka.
You shoot an arrow. The arrow barely misses the quokka.
The quokka bites you. x2
A quokka comes into view.
You shoot an arrow. The arrow completely misses the quokka.
The quokka bites you.
The quokka bites you but does no damage.
You shoot an arrow.
The arrow hits the quokka but does no damage.
The quokka is almost dead.
The quokka bites you. The quokka misses you. The quokka closely misses you. x2
You are too injured to fight recklessly!
There are monsters nearby!
There are monsters nearby!
You are too injured to fight recklessly!
You are too injured to fight recklessly!
You shoot an arrow. The arrow barely misses the quokka.
The quokka barely misses you. The quokka bites you.
* * * LOW HITPOINT WARNING * * *
The quokka barely misses you.
You shoot an arrow. The arrow misses the quokka.
The quokka closely misses you. The quokka completely misses you.
The quokka barely misses you.
You shoot an arrow.
The arrow hits the quokka but does no damage.
The quokka is almost dead.
The quokka closely misses you.
The quokka bites you but does no damage.
The quokka barely misses you.
You shoot an arrow. The arrow hits the quokka.
You kill the quokka!
The quokka bites you.
* * * LOW HITPOINT WARNING * * *
The quokka bites you.
You die...

#... ...
###. #[#
###r...
##.###.@†..#
#..........#
#..###......
#..# #.....#
#..# #.†...#
#..#####.##
#..#.....
#..#.....
##.[......


You could see a quokka.

Vanquished Creatures
  2 quokkas (D:1)
  A frilled lizard (D:1)
3 creatures vanquished.

Notes
Turn   | Place    | Note
-------+----------+-------------------------------------------
     0 | D:1      | Newt the Kobold Hunter began the quest for the Orb.
     0 | D:1      | Reached XP level 1. HP: 12/12 MP: 1/1
    41 | D:1      | Slain by a quokka

Illustrated notes

Levels and vault maps discovered:
D:1:      dpeg_arrival_short_road, layout_loops_ring, serial_shops,
          nicolae_shop_waterfront

Action                     || total
---------------------------++-------
   Fire: Shortbow          ||    11
 Armour: Leather armour    ||     2
  Dodge: Dodged            ||    10

Table legend: (Time is in decaauts)
 A = Elapsed time spent in this place.
 B = Non-inter-level travel time spent in this place.
 C = Inter-level travel time spent in this place.
 D = Time resting spent in this place.
 E = Time spent auto-exploring this place.
 F = Levels seen in this place.
 G = Mean time per level.
                   A        B        C        D        E       F      G
               +--------+--------+--------+--------+--------+-----+--------+
         Total |     44 |     44 |      0 |      0 |     26 |   1 |   44.0 |
       Dungeon |     44 |     44 |      0 |      0 |     26 |   1 |   44.0 |
               +--------+--------+--------+--------+--------+-----+--------+

Top non-repeatable levels by time:
     D:1: 44 daAuts
